 Dungeon Crawl Stone Soup version 0.30-a0-509-gd016549fea (webtiles) character file.

Game seed: 10089387685920673064

6 ryw the Caller (level 1, 0/10 HPs)
             Began as a Deep Elf Summoner on Dec 23, 2022.
             Slain by a quokka (5 damage)
             ... on level 1 of the Dungeon.
             The game lasted 00:00:39 (168 turns).

ryw the Caller (Deep Elf Summoner)                   Turns: 168, Time: 00:00:40

Health: 0/10       AC:  2    Str:  5    XL:     1   Next: 75%
Magic:  5/6        EV: 12    Int: 19    God:
Gold:   8          SH:  0    Dex: 15    Spells: 5/6 levels left

rFire   . . .      SeeInvis .    (no weapon)
rCold   . . .      Faith    .    (no shield)
rNeg    . . .      Spirit   .    a - +0 robe
rPois   .          Reflect  .    (no helmet)
rElec   .          Harm     .    (no cloak)
rCorr   .          Rampage  .    (no gloves)
Will    .....                    (no boots)
Stlth   ++........               (no amulet)
HPRegen 0.21/turn                (no ring)
MPRegen 0.10/turn                (no ring)

@: no status effects
A: no striking features
a: no special abilities


You were on level 1 of the Dungeon.
You visited 1 branch of the dungeon, and saw 1 of its levels.

You collected 8 gold pieces.

Inventory:

Armour
 a - a +0 robe (worn)
Scrolls
 c - a scroll of blinking {unknown}
 d - a scroll of amnesia {unknown}
 e - a scroll of summoning {unknown}
Potions
 b - a potion of magic


   Skills:
 + Level 0.2 Fighting
 + Level 2.6 Dodging
 - Level 2.4 Stealth
 + Level 3.2 Spellcasting
 + Level 4.4 Summonings


You had 5 spell levels left.
You knew the following spells:

 Your Spells              Type           Power      Damage    Failure   Level
a - Summon Small Mammal   Summ           80%        N/A       2%          1

Your spell library contained the following spells:

 Spells                   Type           Power      Damage    Failure   Level
 Call Imp                 Summ           20%        N/A       3%          2
 Call Canine Familiar     Summ           20%        N/A       7%          3
 Summon Guardian Golem    Hex/Summ       11%        N/A       19%         3
 Summon Lightning Spire   Summ/Air       11%        N/A       52%         4


Dungeon Overview and Level Annotations

Branches:
Dungeon (1/15)

Altars:


Message History

Orders for allies: a - Attack new target. r - Retreat! s - Stop attacking. g - Guard the area. f - Follow me.
Anything else - Cancel.
Gang up on whom?
Press: ? - help, Dir - move target, f - dart slug
Aim: a dart slug (almost dead, not watching you, ally target) Attack!
The dart slug closely misses your quokka.
Something completely misses your quokka.
Something hits your quokka.
Your quokka bites the dart slug.
The dart slug dies!
Your quokka bites the hobgoblin.
Your quokka closely misses the hobgoblin.
The hobgoblin hits your quokka.
Your quokka barely misses the hobgoblin.
Your quokka bites the hobgoblin.
The hobgoblin dies!
Your quokka barely misses the frilled lizard.
Your quokka bites the frilled lizard.
The frilled lizard dies!
You swap places.
Your quokka disappears in a puff of smoke!
You see here a hobgoblin corpse.
d - a scroll labelled IKHINEXAPY
e - a scroll labelled TUNENASANO Your quokka disappears in a puff of smoke!
A quokka comes into view.
You swap places.
Your bat completely misses the quokka.
The quokka bites you. The quokka closely misses you.
The quokka barely misses you.
Your quokka bites the quokka but does no damage.
Your quokka bites the quokka.
The quokka barely misses you.
Your quokka bites the quokka.
The quokka bites you.
Ouch! That really hurt!
Your quokka bites the quokka.
The quokka bites you but does no damage.
Your quokka closely misses the quokka.
The quokka bites you.
Ouch! That really hurt!
You die...

#....#
#....#
###.##
#.# #.#
#.# #.#
##.###
#..r@#
#.b#r#
#..#.#
....#.#
..##.#.#
##.
....# #
#.###
#..


You could see a quokka (ally target), a friendly quokka (summoned) and a
friendly bat (summoned).

Vanquished Creatures (collateral kills)
  A dart slug (D:1)
  A hobgoblin (D:1)
  2 frilled lizards (D:1)
  A rat (D:1)
5 creatures vanquished.

Notes
Turn   | Place    | Note
-------+----------+-------------------------------------------
     0 | D:1      | ryw the Deep Elf Summoner began the quest for the Orb.
     0 | D:1      | Reached XP level 1. HP: 10/10 MP: 6/6
   168 | D:1      | Slain by a quokka

Illustrated notes

Levels and vault maps discovered:
D:1:      ncdulo_wetmaze, layout_basic

Action                   || total
-------------------------++-------
Melee: Unarmed           ||     1
 Cast: Summon Small Mamm ||    10
Armor: Robe              ||     2
Dodge: Dodged            ||     5

Table legend: (Time is in decaauts)
 A = Elapsed time spent in this place.
 B = Non-inter-level travel time spent in this place.
 C = Inter-level travel time spent in this place.
 D = Time resting spent in this place.
 E = Time spent auto-exploring this place.
 F = Levels seen in this place.
 G = Mean time per level.
                   A        B        C        D        E       F      G
               +--------+--------+--------+--------+--------+-----+--------+
         Total |    171 |    171 |      0 |      0 |    116 |   1 |  171.0 |
       Dungeon |    171 |    171 |      0 |      0 |    116 |   1 |  171.0 |
               +--------+--------+--------+--------+--------+-----+--------+

Top non-repeatable levels by time:
     D:1: 171 daAuts
